 Dungeon Crawl Stone Soup version 0.29.0-13-gc9e81de378 (webtiles) character file.

Game seed: 12912032797120275403

57 Artool the Cudgeller (level 3, 0/28 HPs)
             Began as a Demonspawn Gladiator on Sept 8, 2022.
             Slain by an orc
             ... wielding a +0 short sword
              (1 damage)
             ... on level 3 of the Dungeon.
             The game lasted 00:01:24 (1471 turns).

Artool the Cudgeller (Demonspawn Gladiator)         Turns: 1471, Time: 00:01:25

Health: 0/28       AC:  4    Str: 16    XL:     3   Next: 73%
Magic:  3/3        EV: 12    Int:  9    God:
Gold:   68         SH:  5    Dex: 16    Spells: 2/2 levels left

rFire   . . .      SeeInvis .   j - +0 whip
rCold   . . .      Faith    .   (no shield)
rNeg    . . .      Spirit   .   b - +0 leather armour
rPois   .          Reflect  +   c - +0 helmet
rElec   .          Harm     .   (no cloak)
rCorr   .          Rampage  .   (no gloves)
Will    .....                   (no boots)
Stlth   ++........              g - amulet of reflection
HPRegen 0.09/turn               (no ring)
MPRegen 0.16/turn               (no ring)

@: no status effects
A: thin skeletal structure 1, magic regeneration
a: no special abilities


You were on level 3 of the Dungeon.
You visited 1 branch of the dungeon, and saw 3 of its levels.

You collected 68 gold pieces.

Inventory:

Hand Weapons
 a - a +0 flail
 j - a +0 whip (weapon)
Missiles
 d - 3 throwing nets (quivered)
 e - a javelin
Armour
 b - a +0 leather armour (worn)
 c - a +0 helmet (worn)
Jewellery
 g - an amulet of reflection (around neck)
Scrolls
 f - a scroll of teleportation {unknown}
 h - a scroll of fog {unknown}
 i - a scroll of enchant weapon {unknown}
 k - a scroll of brand weapon {unknown}
 l - a scroll of blinking {unknown}
Potions
 m - a potion of mutation {unknown}


   Skills:
 + Level 2.7 Fighting
 + Level 3.2 Maces & Flails
 - Level 1.7 Throwing
 + Level 1.2 Armour
 + Level 3.1 Dodging


You had 2 spell levels left.
You didn't know any spells.
Your spell library contained the following spells:

 Spells                   Type           Power      Damage    Failure   Level
 Magic Dart               Conj           0%         1d3       45%         1
 Searing Ray              Conj           0%         2d4       58%         2
 Ignite Poison            Fire/Tmut/Pois 0%         N/A       83%         3
 Spider Form              Tmut/Pois      0%         N/A       83%         3
 Fulminant Prism          Conj/Hex       0%         3d6       99%         4
 Yara's Violent Unravell  Hex/Tmut       0%         3d3       100%        5


Dungeon Overview and Level Annotations

Branches:
Dungeon (3/15)

Altars:


Innate Abilities, Weirdness & Mutations

You have a somewhat thin skeletal structure. (Dex +2, Stealth+)
You regenerate magic rapidly.


Message History

A kobold comes into view. It is wielding a +0 dagger.
You are too injured to fight recklessly!
You are too injured to fight recklessly!
You are too injured to fight recklessly!
You are too injured to fight recklessly!
Unknown command.
You are too injured to fight recklessly!
You are too injured to fight recklessly!
You are too injured to fight recklessly!
You are too injured to fight recklessly!
You barely miss the orc wizard.
The orc wizard is moderately wounded.
The orc wizard hits you with a +0 dagger.
You block the orc's attack. The orc hits you but does no damage.
The orc closely misses you.
You hit the orc wizard but do no damage.
Your punch misses the orc wizard.
The orc wizard is moderately wounded.
The orc hits you with a +0 short sword.
The orc wizard hits you but does no damage.
The orc hits you with a +0 whip.
* * * LOW HITPOINT WARNING * * *
The orc hits you with a +2 hand axe of freezing.
* * * LOW HITPOINT WARNING * * *
The orc freezes you.
* * * LOW HITPOINT WARNING * * *
You hit the orc wizard.
The orc wizard is heavily wounded.
You block the orc's attack. The orc barely misses you.
The orc wizard closely misses you.
The orc hits you with a +2 hand axe of freezing.
* * * LOW HITPOINT WARNING * * *
The orc freezes you.
* * * LOW HITPOINT WARNING * * *
You hit the orc wizard.
The orc wizard is severely wounded.
The orc wizard barely misses you. The orc hits you with a +0 whip.
* * * LOW HITPOINT WARNING * * *
The orc closely misses you. The orc hits you with a +0 short sword.
You die...

#...<.#
#.#####.#
.......>#
#######.#
#.# ####
#.# ... #.#
#.##!##
#o@o..#
#...oo#..#
#....K...#
##.####....
#. #.#### #
#.. #.## .#


You could see an orc wizard, 3 orcs and a kobold.

Vanquished Creatures
  3 adders (D:2)
  A ball python (D:1)
  A bat (D:3)
  An endoplasm (D:1)
  4 giant cockroaches
  5 goblins
  A hobgoblin (D:1)
  2 jackals (D:2)
  3 kobolds (D:1)
  A quokka (D:2)
  4 rats
26 creatures vanquished.

Notes
Turn   | Place    | Note
-------+----------+-------------------------------------------
     0 | D:1      | Artool the Demonspawn Gladiator began the quest for the
                  | Orb.
     0 | D:1      | Reached XP level 1. HP: 16/16 MP: 1/1
    54 | D:1      | Gained mutation: You have a somewhat thin skeletal
                  | structure. (Dex +2, Stealth+) [demonic ancestry]
    54 | D:1      | Reached XP level 2. HP: 20/22 MP: 2/2
   183 | D:1      | Found a faded altar of an unknown god.
   848 | D:2      | Reached skill level 1 in Armour
   853 | D:2      | Got Weageniff's Compilation of the Figure
   902 | D:2      | Gained mutation: You regenerate magic rapidly. [demonic
                  | ancestry]
   902 | D:2      | Reached XP level 3. HP: 28/28 MP: 3/3
  1471 | D:3      | HP: 1/28 [orc/+0 whip (1)]
  1471 | D:3      | Slain by an orc

Illustrated notes

Levels and vault maps discovered:
D:1:      nicolae_arrival_memento_mori, layout_basic,
          chequers_ecumenical_altar_island
D:2:      layout_basic, nicolae_figureground_pulse
D:3:      layout_basic, grunt_temple_overflow_open, due_unseen_surprise

Skill      XL: |  1  2 |
---------------+-------+-----
Maces & Flails | 3 |  3.2
Armour         | 1 |  1.2
Dodging        | 3 |  3.1
Fighting       | |  2.7
Throwing       | |  1.7

Action                   || total
-------------------------++-------
Melee: Flail             ||    36
       Whip              ||    86
 Stab: Sleeping          ||     6
Armor: Leather armour    ||    34
Dodge: Dodged            ||    79
Block: Other             ||    27
